 Dungeon Crawl Stone Soup version 0.30-a0-1018-g25214051b3 (webtiles) character file.

Game seed: 16986097030391773724

7 DeathPants the Chopper (level 1, 0/16 HPs)
             Began as a Demonspawn Gladiator on Apr 7, 2023.
             Frozen to death by an endoplasm (5 damage)
             ... on level 1 of the Dungeon.
             The game lasted 00:01:03 (122 turns).

DeathPants the Chopper (Demonspawn Gladiator)        Turns: 122, Time: 00:01:04

Health: 0/16       AC:  4    Str: 14    XL:     1   Next: 91%
Magic:  1/1        EV: 12    Int:  9    God:
Gold:   9          SH:  0    Dex: 14    Spells: 0/0 levels left

rFire   . . .      SeeInvis .    a - +0 war axe
rCold   . . .      Faith    .    (no shield)
rNeg    . . .      Spirit   .    b - +0 leather armour
rPois   .          Reflect  .    c - +0 helmet
rElec   .          Rampage  .    (no cloak)
rCorr   .                        (no gloves)
Will    .....                    (no boots)
Stlth   +                        (no amulet)
HPRegen 0.22/turn                (no ring)
MPRegen 0.07/turn                (no ring)

@: no status effects
A: no striking features
a: no special abilities


You were on level 1 of the Dungeon.
You visited 1 branch of the dungeon, and saw 1 of its levels.

You collected 9 gold pieces.

Inventory:

Hand Weapons
 a - a +0 war axe (weapon)
Missiles
 d - 3 throwing nets (quivered)
 e - a javelin
 g - 6 poisoned darts
Armour
 b - a +0 leather armour (worn)
 c - a +0 helmet (worn)
Scrolls
 h - 2 scrolls of identify {unknown}
Potions
 f - a potion of heal wounds {unknown}


   Skills:
 + Level 2.2 Fighting
 - Level 2.9 Axes
 - Level 1.7 Throwing
 + Level 0.1 Armour
 + Level 2.7 Dodging
 + Level 0.1 Spellcasting


You couldn't memorise any spells.
You didn't know any spells.
Your spell library contained the following spells:

 Spells                   Type           Power      Damage    Failure   Level
 Beastly Appendage        Tmut           0%         N/A       45%         1
 Wereblood                Tmut           0%         N/A       61%         2
 Spider Form              Tmut/Pois      0%         N/A       83%         3


Dungeon Overview and Level Annotations

Branches:
Dungeon (1/15)

Altars:


Message History

You add the spells Beastly Appendage, Wereblood and Spider Form to your library.
h - 2 scrolls labelled DOAMMO YGROUPH (gained 1)
A goblin comes into view. It is wielding a +0 dagger.
Found 2 orange potions.
The goblin shouts!
An endoplasm comes into view.
An endoplasm comes into view.
The endoplasm quivers.
The goblin barely misses you.
You slash the goblin!
You kill the goblin!
An endoplasm comes into view.
A giant cockroach comes into view.
You see here a +0 dagger.
You hit the endoplasm.
The endoplasm is lightly wounded.
The endoplasm freezes you.
You are frozen.
The endoplasm jiggles.
The endoplasm freezes you.
You are frozen.
You hit the endoplasm.
The endoplasm is heavily wounded.
The endoplasm hits you but does no damage.
You hit the endoplasm.
The endoplasm is almost dead.
The endoplasm completely misses you. The endoplasm freezes you.
You are frozen.
You hit the endoplasm.
You kill the endoplasm!
You hit the endoplasm.
The endoplasm is moderately wounded.
The endoplasm freezes you.
You are frozen.
The frilled lizard hisses angrily.
You hit the endoplasm.
The endoplasm is heavily wounded.
The endoplasm freezes you.
You are frozen.
You die...

..... ..l ... ... #B#
#J# #J# ##@# #... #..#
#..# ## #.#### #..#
.### #.##.. ##..# ....
#####.##.# #...# ....
#.....##.####.#.###.##.
#.....#.............# .
#....###†##........####
#....###.####..###....#


You could see 2 endoplasms, a giant cockroach and a frilled lizard.

Vanquished Creatures
  An endoplasm (D:1)
  A goblin (D:1)
  A quokka (D:1)
  2 bats (D:1)
  A kobold (D:1)
  A rat (D:1)
7 creatures vanquished.

Notes
Turn   | Place    | Note
-------+----------+-------------------------------------------
     0 | D:1      | DeathPants the Demonspawn Gladiator began the quest for the
                  | Orb.
     0 | D:1      | Reached XP level 1. HP: 16/16 MP: 1/1
   122 | D:1      | Frozen to death by an endoplasm

Illustrated notes

Levels and vault maps discovered:
D:1:      dpeg_arrival_short_road, layout_rooms,
          hellmonk_ecumenical_altar_pennies_from_heaven,
          minmay_misc_feat_hallway

Action                     || total
---------------------------++-------
  Melee: War axe           ||    23
 Armour: Leather armour    ||     7
  Dodge: Dodged            ||    18

Table legend: (Time is in decaauts)
 A = Elapsed time spent in this place.
 B = Non-inter-level travel time spent in this place.
 C = Inter-level travel time spent in this place.
 D = Time resting spent in this place.
 E = Time spent auto-exploring this place.
 F = Levels seen in this place.
 G = Mean time per level.
                   A        B        C        D        E       F      G
               +--------+--------+--------+--------+--------+-----+--------+
         Total |    129 |    129 |      0 |      0 |     60 |   1 |  129.0 |
       Dungeon |    129 |    129 |      0 |      0 |     60 |   1 |  129.0 |
               +--------+--------+--------+--------+--------+-----+--------+

Top non-repeatable levels by time:
     D:1: 129 daAuts
